Map: Abyssal Reef LE

Players

SamuraiFunn

  • Race: Protoss Protoss
  • Spawn Location: 11:00

ViperMan - Winner!

  • Race: Zerg Zerg
  • League: Silver
  • Spawn Location: 5:00

VOD

Have the link to the VOD?

Description

Time

  • Played on: Nov. 3, 2017, 11:56 p.m.
  • Length: 11:48
Show
View Real Time Build Order
Export as new Build Order

SamuraiFunn Protoss 

Build Orders:  

Get SALT Encoding   

  12  0:01  Probe (Chrono Boost)  
  13  0:13  Probe (Chrono Boost)  
  14  0:19  Pylon  
  14  0:30  Probe (Chrono Boost)  
  15  0:41  Gateway  
  16  0:42  Probe (Chrono Boost)  
  16  0:50  Assimilator  
  16  0:53  Probe (Chrono Boost)  
  17  1:04  Probe (Chrono Boost)  
  18  1:08  Gateway  
  18  1:14  Probe (Chrono Boost)  
  19  1:30  Cybernetics Core  
  19  1:33  Zealot  
  21  1:41  Assimilator  
  21  1:42  Probe (Chrono Boost)  
  22  1:52  Probe (Chrono Boost)  
  23  2:07  Pylon  
  23  2:18  Warp Gate  
  23  2:25  Adept  
  23  2:27  Pylon  
  23  2:29  Probe (Chrono Boost)  
  26  2:31  Adept  
  28  2:40  Probe (Chrono Boost)  
  28  2:42  Twilight Council  
  29  2:49  Pylon  
  29  2:56  Zealot  
  31  3:14  Stargate  
  31  3:24  Nexus  
  31  3:31  Zealot  
  33  3:35  Charge  
  33  3:43  Zealot  
  33  3:45  Probe (Chrono Boost)  
  36  4:19  Probe (Chrono Boost)  
  37  4:29  Probe (Chrono Boost)  
  38  4:38  Void Ray  
  38  4:45  Stargate  
  42  4:47  Probe (Chrono Boost)  
  42  4:48  Probe (Chrono Boost)  
  42  4:51  Zealot x2  
  42  4:52  Assimilator  
  48  4:55  Assimilator  
  48  4:58  Probe x2 (Chrono Boost)  
  50  5:03  Pylon  
  50  5:23  Probe x2 (Chrono Boost)  
  52  5:30  Void Ray  
  52  5:32  Void Ray  
  60  5:36  Probe (Chrono Boost)  
  60  6:04  Zealot x2  
  64  6:11  Gateway  
  64  6:12  Void Ray  
  64  6:14  Probe (Chrono Boost)  
  64  6:16  Gateway  
  69  6:23  Probe (Chrono Boost)  
  70  6:50  Nexus  
  70  6:52  Assimilator  
  70  6:54  Pylon  
  70  6:56  Pylon  
  70  7:13  Probe x2 (Chrono Boost)  
  72  7:22  Void Ray x2  
  80  7:27  Zealot x2  
  64  8:04  Void Ray  
  64  8:05  Void Ray  
  64  8:21  Pylon  
  64  8:24  Probe x2 (Chrono Boost), Pylon  
  67  8:27  Probe (Chrono Boost)  
  67  8:28  Assimilator  
  67  8:34  Probe x2 (Chrono Boost)  
  67  8:35  Zealot x3  
  67  8:36  Zealot  
  67  8:37  Probe (Chrono Boost)  
  78  8:44  Stargate  
  78  8:46  Stargate  
  78  8:47  Void Ray  
  82  8:56  Void Ray  
  86  9:05  Zealot  
  86  9:06  Zealot x2  
  92  9:20  Pylon  
  92  9:28  Robotics Facility  
  95  9:41  Void Ray  
  96  9:58  Void Ray  
  100  10:01  Zealot x4  
  108  10:14  Gateway x2  
  108  10:19  Gateway  
  66  11:01  Zealot x3  
  66  11:02  Zealot  
  62  11:14  Zealot x2  
Show
View Real Time Build Order
Export as new Build Order

ViperMan Zerg - Winner!

Build Orders: Pool First 

Get SALT Encoding   

  12  0:03  Drone  
  13  0:13  Drone  
  14  0:21  Overlord  
  14  0:39  Spawning Pool  
  13  0:43  Extractor  
  12  0:51  Extractor  
  12  0:54  Drone x2  
  12  0:55  Drone  
  14  1:30  Zergling x4  
  14  1:31  Zergling x2  
  17  1:35  Queen  
  19  1:51  Hatchery  
  18  2:13  Drone x3  
  21  2:31  Drone  
  22  2:37  Overlord  
  22  2:58  Drone x3  
  25  3:03  Metabolic Boost  
  25  3:09  Evolution Chamber  
  24  3:15  Lair, Evolution Chamber  
  23  3:21  Drone x2  
  23  3:22  Drone  
  26  3:28  Drone x2  
  29  3:34  Drone  
  29  3:48  Queen  
  29  3:50  Drone  
  29  3:52  Drone  
  33  4:06  Zerg Missile Weapons Level 1  
  33  4:07  Zerg Ground Armor Level 1  
  33  4:15  Zergling x6  
  36  4:30  Overseer  
  36  4:47  Overlord x3  
  36  5:54  Zergling x6  
  36  5:55  Zergling x6  
  42  6:04  Hydralisk Den  
  42  6:07  Infestation Pit  
  40  6:15  Drone x4  
  40  6:16  Drone x3  
  47  6:23  Extractor  
  46  6:27  Extractor  
  46  6:29  Zerg Melee Weapons Level 1, Zerg Missile Weapons Level 2  
  45  6:51  Muscular Augments  
  45  6:55  Hydralisk x4  
  45  6:56  Hydralisk x3  
  59  7:03  Overlord x3  
  59  7:04  Overlord x2  
  59  7:15  Drone  
  60  7:30  Drone  
  61  7:41  Drone x2  
  61  7:42  Drone  
  58  7:54  Hydralisk x3  
  58  7:55  Hydralisk x4  
  58  7:56  Hydralisk x2  
  63  8:45  Zerg Ground Armor Level 2  
  63  8:49  Zerg Melee Weapons Level 2  
  63  8:52  Hive  
  63  9:14  Hydralisk x4  
  63  9:15  Hydralisk  
  63  9:16  Hatchery  
  72  9:27  Drone  
  72  9:28  Drone x2  
  75  10:02  Hydralisk  
  75  10:03  Hydralisk x5  
  75  10:04  Hydralisk  
  89  10:23  Zergling x4  
  89  10:24  Zergling x6  
  89  10:25  Hydralisk x2  
  72  11:20  Hydralisk  
  72  11:21  Hydralisk x5  
  72  11:22  Hydralisk x4  
  72  11:23  Hydralisk  
Tags
 
League
Silver
Matchup
PvZ
Opening
Pool First
Replay Pack
First 100 games
Spawn Locations
Cross Positions
Add a new tag
Caveats
  • Supply blocks, unpowered buildings, or Contaminate may cause inaccurate times.
  • Supply counts are checked every 10 seconds.